Map: Acid Plant LE

Players

Namshar

  • Race: Zerg Zerg
  • League: Master
  • Spawn Location: 11:00

liquidthermy (uThermal) - Winner!

  • Race: Terran Terran
  • League: Master
  • Spawn Location: 5:00

Event: HomeStory Cup XVIII

VOD

Have the link to the VOD?

Description

Time

  • Played on: Nov. 22, 2018, 11:22 a.m.
  • Length: 8:12

All games in this series

Show
View Real Time Build Order
Export as new Build Order

Namshar Zerg 

Build Orders: Hatch First 

Get SALT Encoding   

  12  0:00  Drone  
  13  0:12  Overlord  
  13  0:17  Drone  
  14  0:30  Drone x2  
  16  0:47  Hatchery  
  15  0:51  Drone  
  15  0:55  Drone  
  17  0:58  Drone  
  18  1:09  Extractor  
  17  1:13  Spawning Pool  
  17  1:17  Drone  
  17  1:20  Drone  
  18  1:28  Drone  
  19  1:39  Drone  
  20  1:49  Drone  
  21  2:00  Queen x2  
  26  2:01  Zergling x4  
  27  2:10  Drone, Overlord  
  28  2:27  Overlord  
  28  2:35  Queen  
  28  2:36  Queen  
  32  2:41  Overlord  
  32  2:42  Drone x3  
  35  2:48  Drone  
  36  2:53  Drone  
  36  2:54  Drone  
  38  3:07  Hatchery  
  38  3:11  Drone x4  
  41  3:15  Drone  
  41  3:17  Metabolic Boost  
  42  3:23  Queen  
  44  3:29  Queen  
  46  3:34  Drone  
  46  3:35  Drone x2  
  49  3:50  Drone x3  
  49  3:51  Overlord  
  49  3:52  Overlord  
  49  3:54  Overlord  
  51  4:10  Zergling x10  
  54  4:19  Queen  
  54  4:21  Drone x8  
  54  4:23  Lair  
  64  4:27  Zergling x2  
  64  4:30  Spore Crawler  
  64  4:31  Drone  
  64  4:32  Spore Crawler  
  64  4:35  Drone  
  64  4:36  Spore Crawler  
  64  4:43  Drone x3  
  67  4:48  Drone x3  
  67  4:50  Drone  
  67  4:51  Drone x3  
  74  4:53  Zergling x4  
  76  5:03  Zergling x6  
  74  5:08  Zergling x2  
  74  5:09  Zergling x2  
  73  5:19  Extractor  
  73  5:20  Extractor  
  71  5:21  Evolution Chamber  
  71  5:22  Evolution Chamber  
  71  5:25  Baneling Nest  
  71  5:26  Drone x7  
  73  5:31  Queen  
  73  5:39  Drone x6  
  79  5:46  Extractor x3  
  79  5:47  Drone  
  79  5:48  Drone  
  78  5:58  Hatchery  
  78  5:59  Drone x5  
  78  6:00  Overlord  
  80  6:05  Queen  
  80  6:08  Baneling x10  
  81  6:12  Zergling x4  
  81  6:17  Queen x2  
  80  6:22  Zergling x2  
  76  6:27  Zergling x2  
  76  6:28  Zergling x14  
  76  6:31  Overseer  
  82  6:37  Drone x4  
  85  6:41  Queen  
  85  6:43  Spire  
  85  6:45  Drone  
  85  6:46  Drone  
  88  6:47  Drone  
  88  6:52  Overlord x2  
  89  6:55  Overlord  
  89  7:06  Overlord x2  
  89  7:07  Overlord  
  89  7:10  Queen  
  89  7:11  Drone x2  
  89  7:12  Drone, Overlord  
  94  7:16  Queen  
  96  7:25  Drone  
  96  7:26  Hydralisk Den  
  96  7:27  Baneling x2  
  96  7:29  Infestation Pit  
  96  7:34  Drone x7  
  103  7:42  Zergling x14  
  108  7:46  Baneling x4  
  108  7:48  Zergling x6  
  111  7:52  Zergling x6  
  111  7:53  Zergling x2  
Show
View Real Time Build Order
Export as new Build Order

liquidthermy Terran - Winner!

Build Orders: Reaper Expand, Hellion Banshee 

Get SALT Encoding   

  12  0:01  SCV  
  13  0:13  SCV  
  14  0:17  Supply Depot  
  14  0:25  SCV  
  15  0:38  SCV  
  15  0:39  Barracks  
  16  0:43  Refinery  
  16  0:51  SCV  
  17  1:03  SCV  
  18  1:15  SCV  
  19  1:26  Reaper  
  19  1:27  Orbital Command  
  20  1:39  Command Center  
  20  1:48  Supply Depot  
  20  1:52  SCV  
  21  1:58  Marine  
  22  2:04  SCV  
  22  2:06  Factory  
  23  2:11  Refinery  
  23  2:17  SCV  
  23  2:19  Barracks Reactor  
  24  2:29  SCV  
  25  2:41  SCV  
  26  2:51  Starport, Orbital Command  
  26  2:53  SCV  
  27  3:01  Hellion x2  
  27  3:02  Barracks Tech Lab  
  27  3:05  SCV  
  32  3:14  Supply Depot  
  32  3:17  SCV x2  
  34  3:23  Hellion x2  
  38  3:29  SCV x2  
  40  3:35  Cloaking Field  
  40  3:40  Banshee  
  43  3:43  SCV  
  43  3:44  SCV  
  43  3:45  Hellion  
  43  3:47  Hellion  
  48  3:53  Supply Depot  
  48  3:55  SCV  
  49  3:56  SCV  
  49  3:59  Armory  
  50  4:07  Hellion  
  50  4:09  Hellion  
  54  4:15  SCV x2  
  56  4:17  Supply Depot  
  56  4:23  Banshee  
  59  4:27  SCV x2  
  61  4:39  Hellion, Command Center  
  61  4:40  Hellion  
  61  4:41  SCV  
  61  4:42  SCV  
  67  4:47  Supply Depot  
  67  4:51  Terran Vehicle And Ship Armor Level 1  
  67  4:53  Refinery x2  
  67  4:54  SCV  
  68  5:02  Hellion  
  68  5:03  Hellion  
  70  5:08  SCV  
  70  5:14  Barracks Tech Lab  
  67  5:16  SCV  
  67  5:17  Factory  
  67  5:18  Factory  
  68  5:23  Banshee  
  68  5:25  SCV  
  68  5:27  Hellion x2  
  76  5:34  Supply Depot, SCV  
  74  5:40  SCV  
  75  5:46  SCV  
  76  5:51  Hellion x2, Barracks Tech Lab  
  76  5:52  SCV  
  81  5:58  SCV  
  82  6:05  SCV  
  82  6:11  SCV  
  84  6:16  Cyclone  
  84  6:17  Hellion x2  
  89  6:18  SCV  
  89  6:21  Mag-Field Accelerator  
  89  6:22  SCV  
  89  6:25  Infernal Pre-Igniter  
  90  6:26  Cyclone  
  90  6:30  SCV  
  92  6:33  Hellion x8  
  92  6:37  Orbital Command  
  92  6:38  SCV  
  92  6:39  Refinery x2, Banshee  
  96  6:49  Supply Depot, Cyclone  
  96  6:51  Hellion  
  101  6:55  Hellion  
  101  6:58  Cyclone, SCV  
  101  7:00  SCV  
  101  7:01  Supply Depot  
  108  7:09  SCV  
  108  7:10  Supply Depot  
  108  7:11  Supply Depot  
  108  7:13  Hellion  
  111  7:16  Hellion, SCV  
  111  7:17  SCV  
  115  7:28  Cyclone  
  115  7:29  Banshee  
  121  7:33  SCV  
  121  7:34  Starport, SCV  
  121  7:35  SCV  
  121  7:36  Starport  
  124  7:46  Hellion x2, SCV  
  124  7:50  SCV  
  128  8:00  SCV  
Tags
 
Add a new tag
Caveats
  • Supply blocks, unpowered buildings, or Contaminate may cause inaccurate times.
  • Supply counts are checked every 10 seconds.